 Dungeon Crawl Stone Soup version 0.26.1-11-gd32895ea62 (webtiles) character file.

Game seed: 16832708055255535172

422 Zeld the Chucker (level 6, -14/42 HPs)
             Began as an Octopode Gladiator on May 23, 2021.
             Demolished by Maggie
             ... wielding a +2 scimitar of flaming
              (15 damage)
             ... on level 7 of the Dungeon.
             The game lasted 00:04:06 (4420 turns).

Zeld the Chucker (Octopode Gladiator)               Turns: 4420, Time: 00:04:06

Health: -14/42     AC:  1    Str: 15    XL:     6   Next: 95%
Magic:  0/8        EV: 15    Int: 10    God:
Gold:   435        SH:  0    Dex: 14    Spells: 8/8 levels left

rFire    . . .     SeeInvis .     - Unarmed
rCold    . . .     Faith    .   (no shield)
rNeg     . . .     Spirit   +   a - +0 hat
rPois    .         Reflect  .   l - amulet of guardian spirit
rElec    .         Harm     .   (no ring)
rCorr    .         Rampage  .   (no ring)
Will     .....                  (no ring)
Stlth    ++........             (no ring)
HPRegen  0.14/turn              (no ring)
MPRegen  0.11/turn              (no ring)
                                (no ring)
                                (no ring)

@: mesmerised
A: almost no armour, stealthy swim, amphibious, 8 rings, constrict 8, camouflage
1, gelatinous body 1
a: no special abilities


You were on level 7 of the Dungeon.
You visited 1 branch of the dungeon, and saw 5 of its levels.

You collected 435 gold pieces.

Inventory:

Missiles
 b - a throwing net (quivered)
 j - 6 poisoned darts
Armour
 a - a +0 hat (worn)
Jewellery
 l - an amulet of guardian spirit (around mantle)
Scrolls
 e - 2 scrolls of teleportation {unknown}
 f - 3 scrolls of identify {unknown}
 h - 4 scrolls of remove curse
 i - 2 scrolls of amnesia {unknown}
 m - 2 scrolls of random uselessness {unknown}
 n - 2 scrolls of magic mapping {unknown}
 p - a scroll of fear {unknown}
Potions
 c - a potion of flight {unknown}
 d - 2 potions of haste {unknown}
 g - a potion of lignification {unknown}
 k - 3 potions of magic {unknown}
 o - a potion of curing {unknown}
 q - a potion of might {unknown}
 r - a potion of attraction {unknown}


   Skills:
 * Level 3.0 Fighting
 - Level 6.0 Throwing
 * Level 3.7 Dodging
 - Level 3.0 Unarmed Combat
 * Level 1.7 Spellcasting


You had 8 spell levels left.
You didn't know any spells.
Your spell library contained the following spells:

 Spells                   Type           Power        Failure   Level
 Animate Skeleton         Necr           0%           32%         1
 Pain                     Necr           0%           32%         1
 Vampiric Draining        Necr           0%           67%         3
 Animate Dead             Necr           0%           97%         4
 Agony                    Necr           0%           100%        5


Dungeon Overview and Level Annotations

Branches:
Dungeon (4/15)
 Temple: D:4-7

Altars:
Elyvilon
Nemelex Xobeh
Trog
Xom
The Shining One

Annotations:
D:7 3 runed translucent doors, Maggie; MyelinatedAxon's ghost, novice DsBr


Innate Abilities, Weirdness & Mutations

You cannot wear most types of armour.
You are very stealthy in the water. (Stealth+)
You are amphibious.
You can wear up to eight rings at the same time.
You can use your tentacles to constrict eight enemies at once.
Your skin changes colour to match your surroundings (Stealth+).
Your rubbery body absorbs attacks. (AC +1, EV +1)


Message History

You tentacle-slap Maggie.
Maggie is severely wounded.
You constrict Maggie.
Maggie mutters to herself, "Master Lance won't take me back.
This is the way forward."
Maggie misses you.
You tentacle-slap Maggie but do no damage.
Maggie is severely wounded.
You constrict Maggie. Maggie gestures at you while chanting.
The bolt of fire hits you!!
* * * LOW HITPOINT WARNING * * *
Press: ? - help, v - describe, . - travel
Here: Maggie, wielding a +2 scimitar of flaming and wearing +0 swamp dragon scales (severely wounded, constricted by you, mesmerising)
The floor.
You tentacle-slap Maggie but do no damage.
Maggie is severely wounded.
You constrict Maggie.
Maggie says, "Fear not.
I will immortalize you in the tale of my first kill."
Maggie hits you with a +2 scimitar of flaming!
You die...

#((.....#...# ...
.. #...(.(.#.###
... .. #########.#
#.. .. #.# ...#.
#.# #.#. #.# #...
######.#
...##..#####......#
.......<@@....(...#
......>.####.....##
..#####.# #.....#
##+# #.....#
#...###.....#
#...........#
+........####
#........#
#........#


You could see Maggie (mesmerising).

Vanquished Creatures
  2 ogres
  A scorpion (D:3)
  A hound (D:4)
  2 worker ants
  4 adders
  An ufetubus (D:7)
  2 worms (D:3)
  4 dart slugs
  3 leopard geckos
  4 orcs (D:3)
  8 bats
  3 giant cockroaches
  8 goblins
  3 hobgoblins
  4 jackals (D:3)
  7 kobolds
  A quokka (D:4)
  7 frilled lizards
  7 rats
72 creatures vanquished.

Notes
Turn   | Place    | Note
-------+----------+-------------------------------------------
     0 | D:1      | Zeld the Octopode Gladiator began the quest for the Orb.
     0 | D:1      | Reached XP level 1. HP: 14/14 MP: 1/1
   350 | D:1      | Reached XP level 2. HP: 19/19 MP: 2/2
   358 | D:1      | Reached skill level 3 in Throwing
   661 | D:1      | Reached XP level 3. HP: 20/24 MP: 3/3
  1650 | D:3      | Reached skill level 4 in Throwing
  2093 | D:3      | Noticed a scorpion
  2100 | D:3      | Killed a scorpion
  2101 | D:3      | Reached XP level 4. HP: 29/29 MP: 4/4
  2285 | D:3      | Found a white marble altar of Elyvilon.
  2287 | D:3      | Found a bloodstained altar of Trog.
  2307 | D:3      | Reached skill level 5 in Throwing
  2307 | D:3      | Reached XP level 5. HP: 34/34 MP: 5/5
  2963 | D:3      | Found a glowing golden altar of the Shining One.
  3177 | D:4      | Noticed an ogre
  3188 | D:4      | Killed an ogre
  3189 | D:4      | Reached skill level 6 in Throwing
  3189 | D:4      | Reached XP level 6. HP: 34/39 MP: 4/6
  3250 | D:4      | Noticed a phantom
  3664 | D:4      | Reached skill level 1 in Spellcasting
  4018 | D:4      | Found a shimmering altar of Xom.
  4018 | D:4      | You fall into a shaft and drop 3 floors!
  4144 | D:7      | Found a sparkling altar of Nemelex Xobeh.
  4243 | D:7      | Noticed MyelinatedAxon's ghost (novice DsBr)
  4245 | D:7      | Found a runed translucent gate.
  4245 | D:7      | Found a runed translucent gate.
  4245 | D:7      | Found a runed translucent gate.
  4387 | D:7      | Noticed Maggie
  4419 | D:7      | HP: 1/42 [Maggie/bolt of fire (15)]
  4420 | D:7      | Demolished by Maggie

Illustrated notes

Levels and vault maps discovered:
D:1:      erik_arrival_triangle_huge, layout_basic
D:2:      kennysheep_big_flooded_room, layout_loops_cross,
          kennysheep_generic_room_5
D:3:      layout_loops_corners, minitemple, nicolae_tso_swordbearing_angel
D:4:      layout_basic, regret_index_temple_of_mockery, lemuel_round_altar,
          minivault_5
D:7:      layout_basic, nicolae_overflow_crystal_walls, basic_altar,
          ebering_ghost_rock_garden, uniq_maggie

Skill      XL: |  1  2  3  4  5  6 |
---------------+-------------------+-----
Throwing       | 3 4 5 6 |  6.0
Spellcasting   | 1 |  1.7
Fighting       | 3 |  3.0
Dodging        | |  3.7
Unarmed Combat | |  3.0

Action                   |  1- 3 |  4- 6 || total
-------------------------+-------+-------++-------
Melee: Unarmed           |    76 |   128 ||   204
       Constrict         |    24 |    21 ||    45
       Tentacles         |    17 |    34 ||    51
       Punch             |     3 |     3 ||     6
Throw: Throwing net      |       |     2 ||     2
  Use: Scroll            |       |     1 ||     1
 Stab: Sleeping          |    12 |     4 ||    16
       Held in net/web   |       |     2 ||     2
Armor: Skin              |     5 |     1 ||     6
Dodge: Dodged            |    47 |    99 ||   146
